 Dungeon Crawl Stone Soup version 0.19-a0-277-g85cb9a5 (webtiles) character file.

193 epen the Chiller (level 5, -4/35 HPs)
             Began as a Demonspawn Ice Elementalist on May 26, 2016.
             Slain by an ogre
             ... wielding a +0 giant spiked club
              (19 damage)
             ... on level 3 of the Dungeon.
             The game lasted 00:09:28 (4157 turns).

epen the Chiller (Demonspawn Ice Elementalist)      Turns: 4157, Time: 00:09:29

Health: -4/35      AC:  3    Str:  8    XL:     5   Next: 43%
Magic:  8/9        EV: 13    Int: 18    God:
Gold:   201        SH:  0    Dex: 13    Spells: 3 memorised, 4 levels left

rFire  . . .     SeeInvis .     g - +0 dagger
rCold  . . .     Gourm    .     v - +0 robe (curse)
rNeg   . . .     Faith    .     (no shield)
rPois  .         Spirit   .     (no helmet)
rElec  .         Dismiss  .     (no cloak)
rCorr  .         Reflect  .     (no gloves)
SustAt .         Harm     .     x - +0 pair of boots
MR     .....     Rnd*Tele +     (no amulet)
Stlth  ++........               s - ring of teleportation (curse)
                                q - ring of wizardry

@: not resistant to hostile enchantments, unstealthy
A: hooves 1
a: no special abilities


You were on level 3 of the Dungeon.
You were very hungry.

You visited 1 branch of the dungeon, and saw 3 of its levels.

You collected 201 gold pieces.

Inventory:

Hand Weapons
 g - a +0 dagger (weapon)
Armour
 a - a +0 robe
 v - a cursed +0 robe (worn)
 x - a +0 pair of boots (worn)
Jewellery
 q - a ring of wizardry (left hand)
 s - a cursed ring of teleportation (right hand)
 y - an uncursed ring of ice
Wands
 m - a wand of confusion (19/48)
Scrolls
 d - 2 scrolls of teleportation {unknown}
 e - 3 scrolls of remove curse {unknown}
 h - 3 scrolls of identify {unknown}
 i - a scroll of immolation {unknown}
 l - a scroll of amnesia {unknown}
 n - 2 scrolls of blinking {unknown}
 p - a scroll of recharging {unknown}
 r - a scroll of magic mapping {unknown}
 t - 2 scrolls of fog {unknown}
Potions
 f - a potion of degeneration {unknown}
 j - a potion of invisibility {unknown}
 o - a potion of haste {unknown}
 w - a potion of brilliance {unknown}
 z - a potion of curing {unknown}
 B - a potion of heal wounds {unknown}
Books
 b - a book of Frost

   Spells                             Type                      Level
   a - Freeze                         Ice                          1
   b - Throw Frost                    Conjuration/Ice              2
   c - Ozocubu's Armour               Charms/Ice                   3
   d - Throw Icicle                   Conjuration/Ice              4
   e - Summon Ice Beast               Ice/Summoning                4
Comestibles
 c - 4 bread rations
 k - a meat ration
 u - a beef jerky


   Skills:
 + Level 3.1 Dodging
 - Level 1.7 Stealth
 + Level 3.1 Spellcasting
 - Level 1.0 Conjurations
 * Level 4.2 Ice Magic


You had 4 spell levels left.
You knew the following spells:

 Your Spells              Type           Power        Failure   Level  Hunger
a - Freeze                Ice            ###.         1%          1    None
b - Throw Frost           Conj/Ice       ##....       4%          2    ##.....
c - Ozocubu's Armour      Chrm/Ice       ##......     10%         3    ###....


Dungeon Overview and Level Annotations

Branches:
Dungeon (3/15)

Altars:


Innate Abilities, Weirdness & Mutations

You have large cloven feet.


Message History

The ogre hits you with a giant spiked club!
An orc comes into view. It is wielding a hand axe.
The orc moves out of view.
There is a stone staircase leading down here.
You are feeling very hungry.
You hit the hobgoblin.
The hobgoblin is moderately wounded.
The ogre barely misses you. The hobgoblin hits you with a club!
The hobgoblin hits you with a club. The hobgoblin completely misses you.
Casting: Throw Frost
Confirm with . or Enter, or press ? or * to list all spells.
Aiming: Freeze
Press: ? - help, Shift-Dir - straight line, f - hobgoblin, p - ogre
Aim: a hobgoblin, wielding a club (moderately wounded)
You freeze the hobgoblin.
You kill the hobgoblin!
The ogre hits you with a giant spiked club!!
Ouch! That really hurt!
You die...

####.####'## #.# #..........# #.#
#### #..........# #.# #...
#..........# #.#####...
##.......<..############.#.......
...............##...>.##.'.....^.
.............#.##.###.####.......
.............#.##)#...####.......
.............#..@O.............).
......######....#.#....###....#.#
......# ####.......#####...#.#
......#########...#.###...##..#.'
[.....##......#.....##⌠.<.⌠##.###
......##.####.#..####.....).#)# #
......##.####.#..#..#.>.⌠.....# #
#####.##....#.##....#.......### #
#.#####.#.##.#.###⌠.>.⌠### #


You could see an ogre.

Vanquished Creatures
  Ijyb (D:3)
  Natasha (D:2)
  4 adders (D:2)
  3 worms
  A dart slug (D:3)
  5 giant geckos
  2 orcs (D:3)
  10 bats
  5 giant cockroaches
  10 goblins
  8 hobgoblins
  10 jackals
  10 kobolds
  2 quokkas
  A ball python (D:1)
  4 giant newts
  10 rats
87 creatures vanquished.

Notes
Turn   | Place    | Note
--------------------------------------------------------------
     0 | D:1      | epen the Demonspawn Ice Elementalist began the quest for the Orb.
     0 | D:1      | Reached XP level 1. HP: 13/13 MP: 3/3
     0 | D:1      | HUI A NE FELID
   419 | D:1      | Gained mutation: You have large cloven feet. [demonic ancestry]
   419 | D:1      | Reached XP level 2. HP: 12/19 MP: 3/5
   920 | D:1      | Reached skill level 3 in Ice Magic
  1662 | D:2      | Reached XP level 3. HP: 24/24 MP: 4/6
  1669 | D:2      | Learned a level 2 spell: Throw Frost
  1673 | D:2      | Learned a level 3 spell: Ozocubu's Armour
  1839 | D:2      | Noticed Natasha
  1847 | D:2      | Killed Natasha
  1950 | D:2      | Reached XP level 4. HP: 30/30 MP: 2/7
  2722 | D:2      | Reached skill level 4 in Ice Magic
  3093 | D:3      | Reached XP level 5. HP: 21/35 MP: 0/9
  3413 | D:3      | Noticed Ijyb
  3426 | D:3      | Killed Ijyb
  3470 | D:3      | Noticed a hungry ghost
  4075 | D:3      | Noticed an ogre
  4157 | D:3      | Slain by an ogre

Vault maps used:
D:1:      shiori_shiawase
D:2:      uniq_natasha
D:3:      first_bread, grunt_ministairs_7, uniq_iyjb

Skill      XL: |  1  2  3  4  5 |
---------------+----------------+-----
Dodging        | 2 3 |  3.1
Ice Magic      | 3 4 |  4.2
Spellcasting   | 3 |  3.1
Stealth        | |  1.7
Conjurations   | |  1.0

Action                   |  1- 3 |  4- 6 || total
-------------------------+-------+-------++-------
Melee: Unarmed           |    52 |       ||    52
       Kick              |    12 |     4 ||    16
       Dagger            |    18 |    71 ||    89
 Cast: Freeze            |    48 |    75 ||   123
       Throw Frost       |       |    13 ||    13
 Stab: Sleeping          |     2 |     1 ||     3
  Eat: Chunk             |     4 |     7 ||    11
Armor: Robe              |    21 |    16 ||    37
Dodge: Dodged            |    72 |    93 ||   165
